 Dungeon Crawl Stone Soup version 0.19.5 (webtiles) character file.

120 miragecloak the Poker (level 5, -4/41 HPs)
             Began as a Merfolk Abyssal Knight on May 9, 2017.
             Was a Believer of Lugonu.
             Slain by a slave (9 damage)
             ... led by Pikel
             ... on level 2 of the Dungeon.
             The game lasted 00:03:55 (2856 turns).

miragecloak the Poker (Merfolk Abyssal Knight)      Turns: 2856, Time: 00:03:56

Health: -4/41      AC:  4    Str: 12    XL:     5   Next: 4%
Magic:  6/6        EV: 12    Int: 11    God:    Lugonu [**....]
Gold:   69         SH:  0    Dex: 15    Spells: 0 memorised, 4 levels left

rFire  . . .     SeeInvis .     a - +1 spear
rCold  . . .     Gourm    .     b - +0 leather armour
rNeg   . . .     Faith    .     (no shield)
rPois  .         Spirit   .     (no helmet)
rElec  .         Reflect  .     (no cloak)
rCorr  .         Harm     .     i - +0 pair of gloves
MR     .....                    (no boots)
Stlth  +.........               (no amulet)
                                (no ring)
                                (no ring)

@: no status effects
A: change form in water, swift swim, stealthy swim
a: Depart the Abyss, Bend Space, Renounce Religion


You were on level 2 of the Dungeon.
You worshipped Lugonu.
Lugonu was pleased with you.
You were not hungry.

You visited 1 branch of the dungeon, and saw 4 of its levels.
You visited the Abyss 1 time.

You collected 69 gold pieces.

Inventory:

Hand Weapons
 a - a +1 spear (weapon)
Armour
 b - a +0 leather armour (worn)
 i - a +0 pair of gloves (worn)
Scrolls
 d - 2 scrolls of remove curse {unknown}
 e - a scroll of blinking {unknown}
 f - a scroll of teleportation {unknown}
 g - 6 scrolls of identify {unknown}
 j - a scroll of amnesia {unknown}
 k - a scroll of random uselessness {unknown}
 l - a scroll of fog {unknown}
 n - a scroll of noise {unknown}
Potions
 h - a potion of ambrosia {unknown}
 o - a potion of heal wounds {unknown}
 p - 2 potions of lignification {unknown}
 q - a potion of curing {unknown}
Comestibles
 c - 2 bread rations
 m - a meat ration


   Skills:
 - Level 3.2 Fighting
 + Level 7.3 Polearms
 - Level 0.6 Armour
 - Level 2.6 Dodging
 - Level 2.0 Invocations


You had 4 spell levels left.
You didn't know any spells.

Dungeon Overview and Level Annotations

Branches:
Dungeon (4/15)
 Temple: D:4-7

Altars:
Cheibriados
Elyvilon
Trog
Yredelemnul

Annotations:
D:3 Sigmund; miragecloak's ghost, amateur MfAK
D:4 Pikel


Message History

Lugonu accepts your kill.
Things that are here:
a dagger; a kobold corpse You hit the slave.
The slave is lightly wounded.
The slave barely misses you.
You closely miss the slave.
The slave is lightly wounded.
The slave hits you.
* * * LOW HITPOINT WARNING * * *
The slave completely misses you.
You hit the slave.
The slave is lightly wounded.
The slave hits you but does no damage.
You hit the slave but do no damage.
The slave is lightly wounded.
You hit the slave.
The slave is lightly wounded.
The slave hits you!
You die...

#.# #.# #.# #.#
#.# ###.# ###.#
#...#### #...#
#.###... #.###
#.#..... #.#
#.#.#.## #p#
#.#.#.# #@#
#.#.#.# #.#
#.#.#.# #.#
#.#.#.#
#.#########...#.#
#............##.##
############.##...
#.##### #......
#######


You could see a slave.

Vanquished Creatures
  Ijyb (D:3)
  3 adders (D:2)
  2 oozes
  3 worms (D:2)
  A dart slug (D:1)
  2 ball pythons (D:1)
  6 hobgoblins
  6 kobolds
  11 bats
  2 frilled lizards
  7 goblins
  8 rats
52 creatures vanquished.

Notes
Turn   | Place    | Note
-------+----------+-------------------------------------------
     0 | Abyss:1  | miragecloak the Merfolk Abyssal Knight began the quest for the Orb.
     0 | Abyss:1  | Reached XP level 1. HP: 18/18 MP: 2/2
    78 | Abyss:1  | Found a corrupted altar of Lugonu.
   231 | Abyss:1  | Noticed a yellow draconian zealot
   231 | D:1      | Escaped the Abyss
   430 | D:1      | Reached * piety under Lugonu
   435 | D:1      | Reached skill level 4 in Polearms
   435 | D:1      | Reached XP level 2. HP: 23/24 MP: 3/3
   691 | D:1      | Reached skill level 5 in Polearms
   691 | D:1      | Reached XP level 3. HP: 29/29 MP: 4/4
  1449 | D:2      | Reached skill level 6 in Polearms
  1449 | D:2      | Reached XP level 4. HP: 25/35 MP: 5/5
  2108 | D:3      | Noticed Ijyb
  2185 | D:3      | Killed Ijyb
  2185 | D:3      | Reached skill level 7 in Polearms
  2464 | D:3      | Noticed miragecloak's ghost (amateur MfAK)
  2465 | D:3      | Reached XP level 5. HP: 41/41 MP: 6/6
  2565 | D:3      | Noticed Sigmund
  2604 | D:2      | Reached ** piety under Lugonu
  2776 | D:4      | Found a bloodstained altar of Trog.
  2777 | D:4      | Noticed a slave
  2777 | D:4      | Noticed a slave
  2778 | D:4      | Noticed Pikel
  2779 | D:4      | Noticed a phantom
  2780 | D:4      | Noticed a slave
  2782 | D:4      | Noticed a slave
  2788 | D:3      | Found a basalt altar of Yredelemnul.
  2788 | D:3      | Found a snail-covered altar of Cheibriados.
  2789 | D:3      | Found a white marble altar of Elyvilon.
  2856 | D:2      | Slain by a slave

Skill      XL: |  1  2  3  4 |
---------------+-------------+-----
Polearms       | 4 5 6 7 |  7.3
Fighting       | |  3.2
Armour         | |  0.6
Dodging        | |  2.6
Invocations    | |  2.0

Action                   |  1- 3 |  4- 6 || total
-------------------------+-------+-------++-------
Melee: Spear             |   144 |    93 ||   237
Invok: Depart the Abyss  |     1 |       ||     1
 Stab: Sleeping          |     2 |       ||     2
  Eat: Chunk             |     1 |     1 ||     2
       Pizza             |       |     1 ||     1
       Bread ration      |       |     1 ||     1
Armor: Leather armour    |    19 |     9 ||    28
Dodge: Dodged            |    50 |    34 ||    84
